AoeStats
← marco.ulrich

Yucatan

510381638Analyzed
2v2 RM · 1d ago on Sep 30, 2026· 39m 14s· 4 players
Game mode
Random Map
Map size
Medium (4 player)
Population
200
Speed
Normal
Resources
Standard
Victory
Conquest
Starting age
Dark Age
Ending age
Imperial Age
RankedLock teamsTeams togetherTeam positionsShared explorationLock speedFull tech treeHidden civsTurbo modeCheats
Victory
Defeat
🇩🇪 Jurchens · Germany
894
+15
🇩🇪 Varangians · Germany
886
+15
🇫🇷 Burgundians · France
929
-17
🇫🇷 Romans · France
807
-13
missoukette
11:25 Feudal Age
12:51 Double-Bit Axe
17:02 Loom
25:10 Castle Age
28:42 Bow Saw
30:21 Fletching
30:33 Padded Archer Armor
32:19 Squires
33:32 Bodkin Arrow
35:05 Murder Holes
lavive3113
11:20 Feudal Age
11:59 Double-Bit Axe
13:50 Loom
14:22 Bow Saw
13:57 Horse Collar
17:17 Wheelbarrow
17:56 Heavy Plow
21:05 Scale Mail Armor
23:12 Castle Age
23:23 Cavalier
24:04 Husbandry
24:16 Scale Barding Armor
24:21 Forging
27:38 Iron Casting
29:13 Town Watch
30:16 Gold Mining
30:33 Town Patrol
33:06 Elite Skirmisher
marco.ulrich
11:58 Feudal Age
17:10 Castle Age
15:25 Bloodlines
15:33 Forging
16:15 Gold Mining
18:44 Iron Casting
17:54 Horse Collar
22:10 Wheelbarrow
24:06 Loom
26:06 Heavy Plow
27:55 Double-Bit Axe
36:45 Scale Barding Armor
36:59 Hand Cart
MarcusMaximus
9:03 Loom
12:30 Feudal Age
13:10 Double-Bit Axe
16:27 Castle Age
14:55 Stone Mining
15:28 Bloodlines
15:31 Gold Mining
16:18 Forging
19:13 Horse Collar
19:41 Husbandry
23:43 Scale Barding Armor
31:08 Iron Casting
31:04 Chain Barding Armor
31:05 Fletching
33:28 Wheelbarrow
32:41 Town Watch
32:54 Town Watch
38:34 Imperial Age
36:26 Scale Mail Armor
39:53 Squires
Connection lost

Rejoining the realm…

Still unreachable

The connection could not be restored.

Session expired

The server has moved on; the page needs a fresh start.